[Event "*** Titled Tuesday Blitz"]
[Site "Chess.com"]
[Date "2019.02.05"]
[Round "8"]
[White "kacprekt"]
[Black "wenx95"]
[Result "0-1"]
[WhiteElo "2297"]
[BlackElo "2514"]
[TimeControl "180+2"]
[EndTime "14:57:38 PST"]
[Termination "wenx95 won on time"]

1. d4 Nf6 2. c4 Nc6 3. Nf3 e6 4.
Nc3 Bb4 5. Qc2 d6 6. a3 Bxc3+ 7.
Qxc3 a5 8. e3 a4 9. Bd3 Qe7 10.
O-O e5 11. Bc2 O-O 12. Rd1 Bg4 13. d5 Nb8 14. e4 Nbd7 15. h3 Bxf3 16. Qxf3 Nc5 17. g4 c6 18. Be3 cxd5 19. Bxc5 dxc5 20. exd5 Ne8 21. Qe4 g6 22. f4 f6 23. fxe5 fxe5 24.
Re1 Nd6 25. Qxe5 Qxe5 26. Rxe5 Nxc4 27. Re7 Rf7 28. Rae1 Kf8 29. R7e2 b5 30. Bd3 Nd6 31. Re6 Rd8 32. R1e5 Rf3 33. Be2 Rb3 34. Rf6+ Kg7 35. g5 Rxb2 36. Re7+ Kh8 37. Bg4 b4 38. Bd7 bxa3 39. Rxd6 a2 40. Re1 Rb1 41. Re6 a1=Q 0-1

[Event "*** Titled Tuesday Blitz"]
[Site "Chess.com"]
[Date "2019.02.05"]
[Round "8"]
[White "NotFischer"]
[Black "vgyogi"]
[Result "1-0"]
[WhiteElo "2127"]
[BlackElo "2093"]
[TimeControl "180+2"]
[EndTime "14:57:40 PST"]
[Termination "NotFischer won on time"]

1. d4 d5 2. Bf4 Nf6 3. e3 e6 4.
Nd2 c5 5. c3 cxd4 6. exd4 Nc6 7. Bd3 Be7 8. Ngf3 Nh5 9. Be3 O-O 10. g4 Nf6 11. Ne5 Nxe5 12. dxe5 Nd7 13. Bd4 Qc7 14. Qe2 Nc5 15. Bc2 b6 16. Qe3 Ba6 17. O-O-O Rfc8 18. Nf3 Ne4 19. Bxe4 dxe4 20. Qxe4 Bb7 21. Qe2 Qc6 22.
Nd2 Qa4 23. Ne4 Qxa2 24. Rhe1 Ba6 25. Qe3 Bc4 26. Nd2 Bd5 27. f4 b5 28. Nb1 b4 29.
f5 bxc3 30. Nxc3 Qa1+ 31. Kc2 Qa4+ 32. Kb1 Rxc3 33. Qxc3 Bb4 34. Qd3 Rc8 35. Bc3 Bb3 36. Qd8+ Rxd8 37. Rxd8+ Bf8 38. f6 gxf6 39. exf6 Ba2+ 40.
Kc1 Qf4+ 41. Kd1 Bb3+ 42. Ke2 1-0

[Event "*** Titled Tuesday Blitz"]
[Site "Chess.com"]
[Date "2019.02.05"]
[Round "8"]
[White "GadimbayliA"]
[Black "Polish_fighter3000"]
[Result "0-1"]
[WhiteElo "2813"]
[BlackElo "3015"]
[TimeControl "180+2"]
[EndTime "14:57:42 PST"]
[Termination "Polish_fighter3000 won by resignation"]

1. e4 e5 2. Nf3 Nf6 3. d4 Nxe4 4. Bd3 Nc6 5. Bxe4 d5 6. Nxe5 Nxe5 7. dxe5 dxe4 8.
Qxd8+ Kxd8 9. O-O Bf5 10. Rd1+ Kc8 11. Nc3 Bc5 12. Nd5 Re8 13. Bf4 Bg4 14. Re1 c6 15.
Nc3 Bb4 16. Rxe4 Bxc3 17. bxc3 Bf5 18. Re2 b6 19. Rd1 Kb7 20. Red2 Ka6 21. f3 c5 22. g4 Be6 23. Kf2 Kb5 24. Rb1+ Ka4 25. Rd6 Rad8 26. Rbd1 Rxd6 27. exd6 Ka3 28. d7 Rd8 29. Bb8 a6 30. Bc7 Rxd7 31. Rxd7 Bxd7 32. Bxb6 Kxa2 33. Bxc5 a5 34. Ke3 Kb2 35. Kd2 a4 36. c4 a3 37.
Bd4+ Kb1 38. Bxg7 a2 39. Ke3 Bc6 40. f4 Kxc2 41. f5 Kb3 42. c5 Kc4 43. Kf4 Kxc5 44. Kg5 Bf3 45. Ba1 Kd5 46. h3 Bg2 47. Kf6 Bxh3 48.
Kxf7 Bxg4 49. f6 Be6+ 50. Kg7 h5 51. Kg6 h4 52. Kg5 h3 53. f7 Bxf7 0-1

[Event "*** Titled Tuesday Blitz"]
[Site "Chess.com"]
[Date "2019.02.05"]
[Round "8"]
[White "Manukyan_Artak"]
[Black "DrVelja"]
[Result "1/2-1/2"]
[WhiteElo "2387"]
[BlackElo "2628"]
[TimeControl "180+2"]
[EndTime "14:57:44 PST"]
[Termination "Game drawn by agreement"]

1. e4 c5 2. Nf3 d6 3. Bb5+ Nd7 4. O-O a6 5. Bxd7+ Bxd7 6. d4 cxd4 7. Qxd4 e5 8. Qd3 h6 9. c4 b5 10. Nc3 bxc4 11.
Qxc4 Nf6 12. Rd1 Be7 13. Be3 O-O 14. Nd5 Nxd5 15. Qxd5 Qb8 16. b3 Be6 17. Qa5 Rc8 18. Rac1 Qb7 19. Nd2 d5 20. Qb6 Qxb6 21. Bxb6 Ba3 22.
Rxc8+ Rxc8 23. exd5 Bxd5 24. Nf1 Be6 25. Rd8+ Rxd8 26.
Bxd8 f5 27. Ba5 Kf7 28. Nd2 Bd5 29. f3 Ke6 30. Kf2 g5 31. Bc3 h5 32. h3 h4 33.
Nc4 Bc5+ 34. Kf1 e4 35. fxe4 Bxe4 36. a4 Bc2 37. Nd2 Bd3+ 38. Ke1 Kd5 39. Bf6 Be3 40. b4 Ke6 41. Bd8 Bc2 42. b5 Kd7 43. Bf6 Ke6 44.
Bd8 Kd7 45. Bf6 axb5 46. axb5 Ke6 47. Bd8 Kd7 48. Bf6 g4 49. hxg4 fxg4 50. Bxh4 Bd3 51.
Bf2 Bg5 52. b6 Kc6 53. Nf1 Bd8 54. Ne3 Bxb6 55. Nxg4 Ba5+ 56. Kd1 Be4 57. Ne3 Bb6 58. Ke2 1/2-1/2

[Event "*** Titled Tuesday Blitz"]
[Site "Chess.com"]
[Date "2019.02.05"]
[Round "8"]
[White "m3alam"]
[Black "KlyashtornyVladislav"]
[Result "0-1"]
[WhiteElo "2149"]
[BlackElo "2206"]
[TimeControl "180+2"]
[EndTime "14:57:44 PST"]
[Termination "KlyashtornyVladislav won by resignation"]

1. d4 d5 2. Nf3 Nf6 3. g3 Bf5 4. Bg2 e6 5. O-O Nbd7 6. c4 c6 7. Nc3 h6 8. Bf4 Be7 9. Qb3 Qb6 10. Rfc1 O-O 11. Ne5 Qxb3 12. axb3 Rfd8 13. Nxd7 Rxd7 14. c5 a6 15. b4 Re8 16. Na4 Bd8 17. h3 Bc7 18.
Nb6 Bxf4 19. gxf4 Rdd8 20. e3 Nd7 21. Na4 f6 22. Re1 e5 23. fxe5 fxe5 24. Nc3 e4 25.
Kh2 Rf8 26. f4 exf3 27. Bxf3 Nf6 28. Rf1 Rde8 29. Rae1 Re7 30. Bg2 Bd3 31. Rf4 g5 32.
Rf2 Ne4 33. Rxf8+ Kxf8 34. Bf1 Bxf1 35. Rxf1+ Kg7 36. Rf5 Nd2 37. e4 dxe4 38. d5 cxd5 39. Nxd5 Rd7 40. Kg2 Nc4 41. b3 Rxd5 0-1

[Event "*** Titled Tuesday Blitz"]
[Site "Chess.com"]
[Date "2019.02.05"]
[Round "8"]
[White "psychokiller48"]
[Black "ChristopherYoo"]
[Result "0-1"]
[WhiteElo "2608"]
[BlackElo "2673"]
[TimeControl "180+2"]
[EndTime "14:57:46 PST"]
[Termination "ChristopherYoo won by resignation"]

1. c4 Nf6 2. Nc3 d5 3. cxd5 Nxd5 4. Nf3 g6 5. e4 Nxc3 6. dxc3 Qxd1+ 7. Kxd1 Nd7 8. Bf4 c6 9. Kc2 Bg7 10. Be2 e5 11.
Be3 f5 12. Ng5 Nf6 13. exf5 gxf5 14. g3 h6 15. Nf3 Ng4 16. Rad1 Nxe3+ 17. fxe3 Bf6 18.
Rhf1 Be6 19. e4 Ke7 20. exf5 Bxf5+ 21. Bd3 Be6 22. Rde1 Raf8 23. Nxe5 Bxe5 24. Rxf8 Rxf8 25. Rxe5 Kd6 26. Re2 a5 27. a3 a4 28. Be4 Rf1 29.
Bg2 Bf5+ 30. Kd2 Rb1 31. Ke3 Kc5 32. Rd2 Kc4 33. Rd4+ Kb3 34. Rb4+ Ka2 35. Rxb7 Rxb2 36.
Bxc6 Rxb7 37. Bxb7 Kxa3 38. Kd4 Kb2 39. Bd5 a3 40. h4 Bc2 41. g4 Bb3 42. g5 Bxd5 43. Kxd5 a2 0-1

[Event "*** Titled Tuesday Blitz"]
[Site "Chess.com"]
[Date "2019.02.05"]
[Round "8"]
[White "Anar_Aliakbarov"]
[Black "sergeikim"]
[Result "0-1"]
[WhiteElo "2445"]
[BlackElo "2469"]
[TimeControl "180+2"]
[EndTime "14:57:47 PST"]
[Termination "sergeikim won by resignation"]

1. d4 Nf6 2. c4 g6 3. Nc3 Bg7 4. e4 d6 5. Nf3 O-O 6. Be2 e5 7. O-O exd4 8. Nxd4 Re8 9. f3 Nbd7 10. Be3 c6 11.
Qd2 a5 12. Rfd1 a4 13. Rac1 Qa5 14. Bf1 Nc5 15. Bf2 Nfd7 16. Nde2 Re6 17. Nf4 Bh6 18. Be3 Re8 19. Qxd6 Bg7 20. Bd4 Bf8 21. Bxc5 Bxd6 22. Bxd6 Qb6+ 23. Kh1 Qxb2 24. Nd3 Qb6 25. c5 Qd8 26. f4 Qh4 27. e5 a3 28. Ne4 Ra4 29.
Re1 f5 30. Ng5 Qh6 31. g3 Nf8 32. Bxf8 Kxf8 33. Nf2 Rd4 34. Bc4 Rd2 35. Kg1 Qg7 36. Nf7 Be6 37. Nd6 Bxc4 38. Rxc4 Rxa2 39. Nxe8 Kxe8 40. Ra4 Qd7 41. e6 Qd2 42. Rf1 Ke7 43. Ra8 Kxe6 44. Re8+ Kf7 45. Re5 Rb2 0-1

[Event "*** Titled Tuesday Blitz"]
[Site "Chess.com"]
[Date "2019.02.05"]
[Round "8"]
[White "Maikrosoft63"]
[Black "26andrej26"]
[Result "1-0"]
[WhiteElo "2566"]
[BlackElo "2422"]
[TimeControl "180+2"]
[EndTime "14:57:50 PST"]
[Termination "Maikrosoft63 won by checkmate"]

1. e4 c5 2. Nf3 d6 3. d4 cxd4 4. Nxd4 Nf6 5. Nc3 a6 6. Be3 e5 7. Nb3 Be6 8. Qd2 Nbd7 9. O-O-O Rc8 10. f4 Be7 11. f5 Bc4 12. g4 Nxg4 13. Rg1 Nxe3 14.
Qxe3 g6 15. Bxc4 Rxc4 16. Nd5 Nf6 17. Nxf6+ Bxf6 18. Qd3 Rc6 19. Kb1 Bg5 20. Qd5 Bf4 21. h3 Qc7 22. c3 a5 23. Qxa5 Ke7 24. Qd5 Ra8 25. h4 Rca6 26. fxg6 hxg6 27. a3 Qc6 28. Qd3 Ra4 29. Rge1 Qb6 30. Ka2 Qc6 31. Re2 b5 32.
Na1 b4 33. cxb4 Rxb4 34. Rc2 Qb6 35. Qc3 Rxe4 36. Nb3 Ra7 37. h5 Re3 38. Qc4 gxh5 39. Qd5 Rb7 40. Nd2 Re2 41. Nc4 Qb3+ 42. Ka1 Qxc2 43.
Qxd6+ Ke8 44. Qd8# 1-0

[Event "*** Titled Tuesday Blitz"]
[Site "Chess.com"]
[Date "2019.02.05"]
[Round "8"]
[White "King_of_the_wing"]
[Black "HajiyevKanan"]
[Result "0-1"]
[WhiteElo "2184"]
[BlackElo "2334"]
[TimeControl "180+2"]
[EndTime "14:57:50 PST"]
[Termination "HajiyevKanan won on time"]

1. e4 c6 2. d4 d5 3. f3 a6 4.
Nc3 b5 5. e5 h5 6. Be3 h4 7.
Bd3 Nh6 8. Qd2 Nf5 9. f4 Qb6 10. Nf3 h3 11. g3 g6 12. O-O Bg7 13. Ne2 Be6 14. Ng5 Bc8 15. c3 a5 16. a3 a4 17.
Bf2 Nh6 18. f5 Bxf5 19. Nf4 Na6 20. Bxf5 gxf5 21. Ngxh3 e6 22. Nh5 Bf8 23. Nf6+ Kd8 24. Nf4 Be7 25. N4h5 Ng4 26. Nxg4 Rxh5 27. Ne3 Bg5 28.
Qe2 Rh7 29. h4 Be7 30. Kg2 Kd7 31. Rh1 Rg8 32. Qf3 Nc7 33. Qf4 Ne8 34. Nxf5 Bf8 35. Ne3 Qd8 36. h5 Qe7 37. g4 Bh6 38. Qf3 Qg5 0-1

[Event "*** Titled Tuesday Blitz"]
[Site "Chess.com"]
[Date "2019.02.05"]
[Round "8"]
[White "wonderfultime"]
[Black "Zufi1811"]
[Result "1-0"]
[WhiteElo "2871"]
[BlackElo "2358"]
[TimeControl "180+2"]
[EndTime "14:57:53 PST"]
[Termination "wonderfultime won on time"]

1. d4 d5 2. Nf3 Nf6 3. Bf4 e6 4. e3 Bd6 5. Bg3 c5 6. c3 Qc7 7. Nbd2 Nbd7 8. Bb5 O-O 9. O-O Bxg3 10. hxg3 e5 11. Bxd7 Nxd7 12. dxe5 Nxe5 13. Nxe5 Qxe5 14. Nf3 Qe6 15. Qa4 h6 16. Rfd1 Bd7 17. Qa3 b6 18. Rd2 Bc6 19. Rad1 a5 20. Ne1 Rfd8 21. Nd3 Rd7 22.
Nf4 Qe4 23. Rd3 Rad8 24. b3 Kh7 25. Qb2 f6 26. a3 g5 27. Ne2 Kg7 28. f3 Qe5 29. Qc2 Bb5 30. c4 dxc4 31. bxc4 Bc6 32. g4 Rd6 33. Kf2 Be8 34. Rxd6 Rxd6 35. Rxd6 Qxd6 36. Qc3 Bg6 37. Qb2 h5 38. gxh5 Bxh5 39.
Nc3 Bf7 40. Ne4 Qe6 41. g4 1-0

[Event "*** Titled Tuesday Blitz"]
[Site "Chess.com"]
[Date "2019.02.05"]
[Round "8"]
[White "Kumi29"]
[Black "FelixBlohberger"]
[Result "0-1"]
[WhiteElo "2479"]
[BlackElo "2671"]
[TimeControl "180+2"]
[EndTime "14:57:56 PST"]
[Termination "FelixBlohberger won by checkmate"]

1. d4 Nf6 2. Bg5 d5 3. e3 Ne4 4. h4 c5 5. Nd2 Nxd2 6. Qxd2 Nc6 7. Nf3 Bg4 8. dxc5 f6 9. Bf4 e5 10. Bg3 Bxc5 11. O-O-O Be6 12. h5 O-O 13. h6 g6 14.
Nh4 Rc8 15. Kb1 Qb6 16. Bd3 e4 17. Be2 g5 18. c3 gxh4 19. Bxh4 Qa5 20. f3 d4 21. b4 dxc3 22. bxa5 cxd2 23. Rxd2 Bxe3 24. Rd6 Bf7 25. fxe4 Rfd8 26. Rxd8+ Rxd8 27. Bxf6 Rd2 28. Bf3 Bxa2+ 29. Ka1 Bd4+ 30. Bxd4 Nxd4 31. Bd1 Nb3+ 32. Bxb3+ Bxb3 33. e5 Rd1+ 34. Rxd1 Bxd1 35. Kb2 Kf7 36.
Kc3 Ke6 37. Kd4 b6 38. axb6 axb6 39. g3 Be2 40. Ke3 Bf1 41. Ke4 b5 42. Kd4 b4 43.
g4 b3 44. Kc3 b2 45. Kxb2 Kxe5 46. Kc1 Kf4 47. g5 Kxg5 48. Kd2 Kxh6 49. Ke3 Ba6 50. Kf4 Kg6 51. Kg3 h5 52. Kh4 Kh6 53. Kg3 Kg5 54. Kh3 h4 55. Kh2 Bc8 56. Kg1 Kg4 57. Kh2 h3 58.
Kg1 Kg3 59. Kh1 Bd7 60. Kg1 h2+ 61. Kh1 Bc6# 0-1

[Event "*** Titled Tuesday Blitz"]
[Site "Chess.com"]
[Date "2019.02.05"]
[Round "8"]
[White "BvsN"]
[Black "MartinMatthiesen"]
[Result "0-1"]
[WhiteElo "2292"]
[BlackElo "2514"]
[TimeControl "180+2"]
[EndTime "14:57:58 PST"]
[Termination "MartinMatthiesen won by resignation"]

1. d4 Nf6 2. c4 g6 3. Nc3 Bg7 4.
e4 d6 5. Nge2 O-O 6. f3 c5 7. d5 e6 8. Ng3 exd5 9. cxd5 h5 10. Bg5 a6 11. a4 Re8 12. Be2 c4 13. O-O Qb6+ 14. Rf2 Qxb2 15. Qc1 Qxc1+ 16. Rxc1 Nbd7 17. Bxc4 Nc5 18. Be3 b6 19. Nge2 Bd7 20. Rb1 Reb8 21.
Rff1 Be8 22. Rfc1 Nfd7 23. f4 Nf6 24. Bxc5 bxc5 25. e5 Ng4 26. Rxb8 Rxb8 27. Bxa6 dxe5 28. Bb5 exf4 29. Nxf4 Bd4+ 30. Kf1 Bxc3 31. Rxc3 Bxb5+ 32. axb5 Rxb5 33. d6 Ne5 34. Nd5 c4 35. Nf6+ Kg7 36.
d7 Rb8 37. Ne8+ Kf8 38. Nf6 Ke7 39. Nd5+ Kxd7 40. Re3 Kd6 41. Nc3 f6 42. h3 Kc5 43.
Ne4+ Kd4 44. Re1 Nd3 45. Re2 Rb1+ 0-1

[Event "*** Titled Tuesday Blitz"]
[Site "Chess.com"]
[Date "2019.02.05"]
[Round "8"]
[White "Alekseyviktorovich"]
[Black "GameOverBro"]
[Result "1-0"]
[WhiteElo "2354"]
[BlackElo "2509"]
[TimeControl "180+2"]
[EndTime "14:58:00 PST"]
[Termination "Alekseyviktorovich won by checkmate"]

1. e4 d6 2. d4 Nf6 3. Nc3 e5 4. Nf3 Nbd7 5. Be2 Be7 6. O-O O-O 7. Re1 c6 8. a4 a5 9. Bf1 Qc7 10. h3 Re8 11. g3 Nf8 12. Be3 h6 13. Qd2 N6h7 14.
Rad1 Bd7 15. d5 Rad8 16. Kh2 Ng6 17. Bc4 c5 18. Bb5 Rf8 19. Bxd7 Qxd7 20. Qe2 f5 21. exf5 Qxf5 22. Ng1 h5 23. Qd3 Qc8 24. Ne4 h4 25.
Rf1 Qf5 26. Nc3 Qf7 27. Qe2 Bg5 28. Ne4 Bf4 29. gxf4 exf4 30. Qg4 fxe3 31. fxe3 Ne5 32. Qe6 Qxe6 33. dxe6 Rxf1 34. Rxf1 Re8 35. Nxd6 Rxe6 36. Nxb7 Rb6 37. Nxc5 Rxb2 38. Rf2 Ng5 39. Kg2 Kh7 40. Nd3 Nxd3 41. cxd3 Rb3 42. Rf5 Kg6 43. Rxa5 Rxd3 44. Kf2 Rd2+ 45. Kf1 Ne4 46. Ne2 Rd1+ 47. Kg2 Rd2 48. Kf3 Ng5+ 49. Kg4 Nf7 50. Nf4+ Kf6 51. Ra6+ Ke5 52. Re6# 1-0

[Event "*** Titled Tuesday Blitz"]
[Site "Chess.com"]
[Date "2019.02.05"]
[Round "8"]
[White "ezkybel"]
[Black "PawnEatingZombie"]
[Result "1/2-1/2"]
[WhiteElo "2257"]
[BlackElo "2117"]
[TimeControl "180+2"]
[EndTime "14:58:01 PST"]
[Termination "Game drawn by repetition"]

1. e4 e6 2. d4 d5 3. c4 dxe4 4. Nc3 f5 5. f3 Bd6 6. fxe4 Qh4+ 7. g3 Bxg3+ 8. hxg3 Qxh1 9. Nf3 Nf6 10. e5 Ne4 11.
Bf4 O-O 12. Qd3 Nxc3 13. Qxc3 b6 14. O-O-O Bb7 15. d5 Qh5 16. Be2 Qe8 17. d6 Nd7 18. dxc7 Rc8 19. Kb1 Rxc7 20. Nd4 a6 21. a3 Qe7 22.
Qe3 Rfc8 23. Bf1 Be4+ 24. Ka1 Nc5 25. g4 b5 26. gxf5 exf5 27. cxb5 axb5 28. Bxb5 Ra7 29.
Bc4+ Kh8 30. e6 Na4 31. Nb5 Rb7 32. Nd6 Rxc4 33. Nxc4 h6 34. Be5 Kh7 35. Rg1 Qxe6 36.
Qd4 Nxb2 37. Nxb2 g5 38. Qd6 Qb3 39. Rc1 Bd5 40. Rc7+ Rxc7 41. Qxc7+ Kg6 42. Qd6+ Kh5 43. Kb1 Be4+ 44. Ka1 Bd5 45. Kb1 Be4+ 46. Ka1 Bd5 47. Kb1 Be4+ 48. Ka1 Bd5 1/2-1/2

[Event "*** Titled Tuesday Blitz"]
[Site "Chess.com"]
[Date "2019.02.05"]
[Round "8"]
[White "CaptainCasanova"]
[Black "Bigfish1995"]
[Result "0-1"]
[WhiteElo "2789"]
[BlackElo "2970"]
[TimeControl "180+2"]
[EndTime "14:58:04 PST"]
[Termination "Bigfish1995 won by resignation"]

1. d4 Nf6 2. c4 e6 3. Nc3 Bb4 4. f3 Nh5 5. Nh3 O-O 6. e4 d5 7. cxd5 exd5 8. e5 Bxh3 9. gxh3 c5 10. Be3 Nc6 11. Qd2 cxd4 12. Bxd4 Re8 13. O-O-O Nxd4 14. Qxd4 Bxc3 15. bxc3 Qg5+ 16. Kb2 Rxe5 17. Rg1 Qf4 18. Rg4 Qxd4 19. Rgxd4 Nf6 20. f4 Re3 21.
Bg2 g6 22. R1d3 Rae8 23. Bxd5 Rxd3 24. Rxd3 Re2+ 25. Kb3 Nxd5 26. Rxd5 Rxh2 27. Rd7 Rxh3 28. Rxb7 h5 29. Rxa7 Rf3 30. Re7 Rxf4 31. a4 h4 32. a5 h3 33. Re1 Kg7 34. a6 Rh4 35.
a7 Rh8 36. Rh1 Ra8 37. Rxh3 Rxa7 38. c4 Kf6 39. Kb4 Ke5 40. Rd3 f5 41. c5 Rb7+ 42. Kc4 Rb1 43. c6 Rc1+ 44. Kb5 f4 45. Rd8 g5 46. Rg8 Kf5 47. Kb6 g4 48. Rf8+ Ke4 49. c7 g3 50. Rg8 Kf3 51. Rg6 g2 52. Kb7 Kf2 53. Rc6 Rxc6 54. Kxc6 g1=Q 55. c8=Q Qc1+ 0-1

[Event "*** Titled Tuesday Blitz"]
[Site "Chess.com"]
[Date "2019.02.05"]
[Round "8"]
[White "sergoy"]
[Black "Muisback26"]
[Result "0-1"]
[WhiteElo "2806"]
[BlackElo "2874"]
[TimeControl "180+2"]
[EndTime "14:58:05 PST"]
[Termination "Muisback26 won by resignation"]

1. d4 d5 2. c4 e6 3. Nf3 c5 4.
cxd5 exd5 5. Nc3 Nc6 6. dxc5 d4 7. Na4 Bxc5 8. Nxc5 Qa5+ 9. Bd2 Qxc5 10. e3 dxe3 11. Bxe3 Qb4+ 12. Qd2 Qxd2+ 13. Bxd2 Nf6 14. Bc3 O-O 15.
Bxf6 Re8+ 16. Kd2 gxf6 17. Bb5 Bd7 18. Rhe1 Red8 19. Ke2 a6 20. Bc4 Rac8 21. Rac1 Nb4 22.
Ke3 Re8+ 23. Kd2 Red8 24. Ke3 Bf5 25. Bb3 Re8+ 26. Kf4 Nd3+ 27. Kxf5 Nxc1 28. Rxe8+ Rxe8 29. Bd5 Kg7 30. Bxb7 a5 31. a3 Nd3 32. b4 axb4 33.
axb4 Rb8 34. Be4 Rb5+ 35. Kg4 Nxf2+ 36. Kf4 Rxb4 37. Nd2 h5 38. Kf3 Ng4 39. h3 Ne5+ 40. Kg3 Ng6 41. Bf3 h4+ 42. Kf2 Ne5 43. Be4 Rb2 44. Ke3 Kh6 45. Nf3 Nxf3 46. Bxf3 Kg5 47. Ke4 Rb3 48. Bg4 f5+ 49. Bxf5 Rb4+ 0-1

[Event "*** Titled Tuesday Blitz"]
[Site "Chess.com"]
[Date "2019.02.05"]
[Round "8"]
[White "Ginger_GM"]
[Black "maciek_92"]
[Result "0-1"]
[WhiteElo "2603"]
[BlackElo "2757"]
[TimeControl "180+2"]
[EndTime "14:58:09 PST"]
[Termination "maciek_92 won by resignation"]

1. d4 Nf6 2. c4 e6 3. Nf3 c5 4. e3 cxd4 5. exd4 b6 6. Nc3 Bb4 7. Bg5 h6 8. Bh4 Bb7 9. Be2 Nc6 10. O-O Ne7 11. Bxf6 gxf6 12. d5 Bxc3 13. bxc3 Kf8 14. Nd4 Rc8 15. Bd3 exd5 16. Qf3 Ng6 17.
Bxg6 fxg6 18. cxd5 Rc5 19. Rfe1 Bxd5 20. Qg3 Kf7 21.
Rad1 Re8 22. Rxe8 Qxe8 23. c4 Bxc4 24. Qf4 Kg7 25. h4 Qe5 26. Qd2 Rd5 27. Qc3 b5 28.
Rd2 a5 29. a4 Qe1+ 30. Kh2 Qe4 31. Nf3 Rxd2 32. Qxd2 Qd5 33. Qxa5 bxa4 34. Qxa4 g5 35.
hxg5 hxg5 36. Qb4 d6 37. Qb8 Qc5 38. Qb7+ Bf7 39. Kg1 Qc1+ 40. Kh2 Qf4+ 41. Kg1 d5 42. Qb6 Qc1+ 43. Kh2 Qf4+ 44. Kg1 Kg6 45. Nd4 Qe4 46.
Qc5 Qe1+ 47. Kh2 Qxf2 48. Qc3 Qf4+ 49. Kg1 Qe4 50. Nf3 g4 51. Nh4+ Kg5 52. g3 d4 53.
Qc5+ Bd5 54. Qf8 Qe1+ 0-1

[Event "*** Titled Tuesday Blitz"]
[Site "Chess.com"]
[Date "2019.02.05"]
[Round "8"]
[White "Hieronymus00"]
[Black "Walter_White_Poland"]
[Result "1/2-1/2"]
[WhiteElo "2174"]
[BlackElo "2171"]
[TimeControl "180+2"]
[EndTime "14:58:09 PST"]
[Termination "Game drawn by agreement"]

1. e4 e5 2. Nf3 Nc6 3. Bb5 a6 4. Ba4 Nf6 5. O-O b5 6. Bb3 Be7 7. Re1 d6 8. c3 O-O 9. h3 Nb8 10. d4 Nbd7 11. Nbd2 Bb7 12. a4 Re8 13. Qc2 Bf8 14. Qd3 c6 15. Nf1 g6 16. Bg5 Bg7 17. Rad1 Qa5 18. axb5 axb5 19. Ng3 c5 20. Bc2 c4 21. Qd2 Qb6 22. h4 Rab8 23. h5 b4 24.
cxb4 Ba8 25. dxe5 dxe5 26. Ba4 Bc6 27. Bxc6 Qxc6 28. Qc3 Qb5 29. hxg6 hxg6 30. Nd2 Rec8 31. Nf3 Qxb4 32. Rd2 Qxc3 33. bxc3 Rb3 34. Rc1 Re8 35.
Rd6 Rb6 36. Rxb6 Nxb6 37. Rb1 Na4 38. Rb4 Nxc3 39. Rxc4 Nb5 40. Rc5 Nd6 41. Rxe5 Rxe5 42. Nxe5 Nfxe4 43. Nxe4 Nxe4 44. Bf4 g5 45. Bh2 Bxe5 46.
Bxe5 f6 47. Bd4 Kf7 48. f3 Nd2 49. Kf2 Nc4 1/2-1/2

[Event "*** Titled Tuesday Blitz"]
[Site "Chess.com"]
[Date "2019.02.05"]
[Round "8"]
[White "Vadim_Biliy"]
[Black "NemtsevIgor"]
[Result "0-1"]
[WhiteElo "2121"]
[BlackElo "2309"]
[TimeControl "180+2"]
[EndTime "14:58:13 PST"]
[Termination "NemtsevIgor won by resignation"]

1. e4 c6 2. d4 d5 3. Nc3 h6 4. Nf3 Nf6 5. Bd3 dxe4 6. Nxe4 Nxe4 7. Bxe4 Bf5 8. Bxf5 Qa5+ 9. c3 Qxf5 10. O-O e6 11. Re1 Nd7 12. Ne5 Nxe5 13. Rxe5 Qg6 14. Qb3 O-O-O 15. Ra5 a6 16. Bf4 Bd6 17. Bxd6 Rxd6 18.
Re1 Rhd8 19. h3 Rd5 20. Re5 Rxa5 21. Rxa5 Qb1+ 22. Kh2 Qe1 23. Qc2 Rd5 24. Rxd5 cxd5 25. g3 Qf1 26. b3 b5 27. Qd2 Kb7 28. a4 g5 29. axb5 axb5 30. Qe3 Kc6 31. Qf3 f5 32. Qe3 Kd7 33. Qf3 h5 34. g4 hxg4 35.
hxg4 f4 36. b4 Qe1 37. Kg2 Qe4 38. Qxe4 dxe4 39. Kf1 Kc6 40. Ke2 Kd5 41. Kd2 Kc4 42.
Kc2 e3 43. f3 e2 44. Kd2 e1=Q+ 45. Kxe1 Kxc3 46. Ke2 Kxb4 47. Kd3 Ka3 48. Ke4 b4 49. Ke5 b3 50. Kxe6 b2 51. d5 b1=Q 52. d6 Qb3+ 53. Kf6 Qxf3 54. Kxg5 Qd5+ 55. Kxf4 Qxd6+ 56. Kf5 Qf8+ 57. Kg6 Qg8+ 58. Kf5 Kb4 59. g5 Kc5 60. Kf6 Kd6 61. g6 Kd7 62. g7 Kd6 63. Kg6 Ke6 0-1

[Event "*** Titled Tuesday Blitz"]
[Site "Chess.com"]
[Date "2019.02.05"]
[Round "8"]
[White "StoreySniper"]
[Black "Satscho"]
[Result "0-1"]
[WhiteElo "2321"]
[BlackElo "2318"]
[TimeControl "180+2"]
[EndTime "14:58:14 PST"]
[Termination "Satscho won by checkmate"]

1. e3 Nf6 2. c4 g6 3. Nc3 Bg7 4. g3 O-O 5. Bg2 d6 6. Nge2 c5 7. d4 Nc6 8. O-O a6 9. d5 Na5 10. b3 b5 11. cxb5 axb5 12. Nxb5 Ba6 13. Nec3 Ne4 14.
Bxe4 Bxb5 15. Nxb5 Bxa1 16. a4 Bg7 17. Bc2 Qb6 18. Bd2 Rfb8 19. Qe2 c4 20. Bxa5 Qxa5 21. Qxc4 Rc8 22. Qd3 Qb4 23. Kg2 Rc5 24. Bd1 Rac8 25. Bf3 Rc1 26. Rxc1 Rxc1 27. Be2 Bc3 28. Nxc3 Rxc3 29.
Qb5 Qxb5 30. Bxb5 Rxb3 31. Bc6 Ra3 32. Kf3 f5 33. h3 Kg7 34. g4 Kf6 35. gxf5 gxf5 36.
Kf4 e6 37. dxe6 Kxe6 38. f3 h6 39. h4 Rb3 40. e4 fxe4 41. fxe4 Rh3 42. Kg4 Rh2 43.
Kh5 Ke5 44. a5 Ra2 45. Kxh6 Rxa5 46. h5 Kf6 47. Bd5 Ra7 48. Bc6 Rc7 49. Bd5 Rc8 50.
Kh7 Re8 51. h6 Re7+ 52. Kh8 Kg6 53. Kg8 Re8# 0-1

[Event "*** Titled Tuesday Blitz"]
[Site "Chess.com"]
[Date "2019.02.05"]
[Round "8"]
[White "nocnypako"]
[Black "GCamachoMartinez"]
[Result "1-0"]
[WhiteElo "2256"]
[BlackElo "2359"]
[TimeControl "180+2"]
[EndTime "14:58:18 PST"]
[Termination "nocnypako won by resignation"]

1. d4 d5 2. c4 dxc4 3. e4 Nf6 4.
e5 Nd5 5. Bxc4 Nb6 6. Bd3 Nc6 7. Be3 Nb4 8. Be4 N4d5 9. Nc3 c6 10. Nge2 Bg4 11.
h3 Bh5 12. Qb3 Nxe3 13. fxe3 e6 14. O-O Bg6 15. Nf4 Bxe4 16. Nxe4 Qd7 17. Ng5 h6 18. Nxf7 Qxf7 19. Nxe6 Qe7 20. e4 Qd7 21. d5 cxd5 22. exd5 Rc8 23. Rad1 Bc5+ 24. Nxc5 Rxc5 25. d6 Rb5 26. Qe3 Qe6 27. d7+ Nxd7 28. Qxa7 Qb6+ 29. Qxb6 Rxb6 30. Rd2 Re6 31. Rfd1 O-O 32. Rxd7 Rxe5 33. Rxb7 Rg5 34. Rd2 Rc8 35. b3 Rc1+ 36. Kh2 Ra1 37.
Rb2 h5 38. b4 Rd5 39. Rc7 h4 40. Rc4 g5 41. Rg4 Kg7 42. g3 Rad1 43. gxh4 R5d2+ 44. Rxd2 Rxd2+ 45. Rg2 Rxa2 46. Rxa2 1-0

[Event "*** Titled Tuesday Blitz"]
[Site "Chess.com"]
[Date "2019.02.05"]
[Round "8"]
[White "riconaipe"]
[Black "r31415"]
[Result "0-1"]
[WhiteElo "2416"]
[BlackElo "2304"]
[TimeControl "180+2"]
[EndTime "14:58:22 PST"]
[Termination "r31415 won by resignation"]

1. d4 e6 2. c4 Nf6 3. Nc3 Bb4 4. Qc2 O-O 5. e4 d6 6. e5 dxe5 7. dxe5 Nfd7 8. Nf3 Nc6 9. a3 Be7 10. Bf4 b6 11. Bd3 h6 12. Be4 Bb7 13. O-O-O Qe8 14. h4 Nc5 15. Bh7+ Kh8 16. g4 Na5 17. Rh3 Nxc4 18. h5 Rd8 19. g5 Rxd1+ 20. Nxd1 hxg5 21. Nxg5 f5 22. Bg6 Qb5 23. Nf7+ Rxf7 24. Bxf7 Be4 25. Qc3 Na4 26. Qb3 Qc6 27. Nc3 Nxc3 28. h6 Ne2+ 29. Kd1 Qd5+ 30. Ke1 Nxf4 31. hxg7+ Kxg7 32. Qg3+ Kxf7 33. Rh7+ Ke8 34. Qxf4 Qd3 35. Rh8+ Kd7 36. f3 Qb1+ 37.
Kf2 Qxb2+ 38. Kg3 Bd5 39. Rh7 Qxe5 40. Qxe5 Nxe5 41. Kf4 Nd3+ 42. Ke3 Ne5 43. f4 Nc4+ 44. Kd4 Nxa3 45. Ke5 Nc4+ 46. Kd4 a5 47. Rg7 a4 48.
Rh7 a3 49. Rh2 Bf6+ 50. Kd3 Bb2 51. Rh7+ Kc6 0-1

[Event "*** Titled Tuesday Blitz"]
[Site "Chess.com"]
[Date "2019.02.05"]
[Round "8"]
[White "KRASAVCHIK2002"]
[Black "SolidAsARook"]
[Result "0-1"]
[WhiteElo "2276"]
[BlackElo "2211"]
[TimeControl "180+2"]
[EndTime "14:58:23 PST"]
[Termination "SolidAsARook won on time"]

1. e4 e5 2. Nf3 Nc6 3. Bb5 Nf6 4. O-O Bc5 5. c3 O-O 6. d4 Bb6 7. dxe5 Nxe4 8. Qd5 Nc5 9. Rd1 Qe7 10. Bg5 Qe6 11.
Bc4 Qxd5 12. Bxd5 Ne6 13. Be3 Bxe3 14. fxe3 Ne7 15. Be4 f6 16. exf6 Rxf6 17. Nbd2 d6 18. Bc2 Nf5 19. Bxf5 Rxf5 20. Nd4 Rf7 21. Ne4 h6 22. Rf1 Bd7 23. Rxf7 Kxf7 24. Rf1+ Kg8 25. c4 Rf8 26. Rxf8+ Kxf8 27. Nc3 Nc5 28. Ndb5 Bxb5 29.
Nxb5 Nd3 30. b3 Nc1 31. Nxc7 Nxa2 32. Nb5 Ke7 33. Nxa7 Nc1 34. b4 Nd3 35. b5 Ne5 36. Nc8+ Ke6 37. Nb6 Ng4 38. e4 Ke5 39. Nd7+ Ke6 40.
Nb6 Ke5 41. Nd7+ Ke6 42. Nf8+ Kf7 43. Nd7 Ke6 44. Nb6 Ke5 45. Nd7+ Kd4 46. Nb6 Ne5 47. Nc8 Nxc4 48. Kf2 Kxe4 49. Kg3 d5 50. Kf2 Kd4 0-1